AoeStats
← WingWong

Arena

509890490Analyzed
1v1 RM · 5d ago on Sep 28, 2026· 47m 20s· 2 players
Game mode
Random Map
Map size
Tiny (2 player)
Population
200
Speed
Normal
Resources
Standard
Victory
Conquest
Starting age
Dark Age
Ending age
Imperial Age
RankedLock teamsTeams togetherTeam positionsShared explorationLock speedFull tech treeHidden civsTurbo modeCheats
Victory
Defeat
🇨🇭 Maya · Switzerland
961
+18
🇺🇸 Teutons · United States
1000
-55
LMDP.Krassus/NooBNooB
0:34 Loom
10:48 Feudal Age
15:40 Castle Age
14:16 Double-Bit Axe
14:35 Horse Collar
24:43 Gold Mining
25:12 Stone Mining
27:10 Wheelbarrow
28:09 Heavy Plow
30:53 Imperial Age
28:17 Pikeman
29:53 Ballistics
30:14 Bow Saw
30:12 Hul'che Javelineers
30:15 Squires
29:39 Elite Skirmisher
31:05 Hand Cart
30:44 Crossbowman
31:32 Arson
32:16 Halberdier
32:34 Eagle Warrior
33:37 Forging
33:27 Scale Mail Armor
35:17 Chemistry
35:46 Crop Rotation
36:19 Two-Man Saw
35:32 Arbalester
36:13 Elite Plumed Archer
38:44 Holcans
38:35 Conscription
39:19 Thumb Ring
39:25 Fletching
39:35 Padded Archer Armor
40:26 Elite Eagle Warrior
42:50 Bodkin Arrow
43:10 Leather Archer Armor
44:47 Bracer
45:18 Ring Archer Armor
WingWong
0:30 Loom
13:31 Feudal Age
14:47 Wheelbarrow
13:53 Horse Collar
14:01 Double-Bit Axe
16:09 Gold Mining
20:18 Castle Age
21:18 Hand Cart
21:17 Bow Saw
21:25 Heavy Plow
21:37 Elite Skirmisher
24:09 Padded Archer Armor
24:02 Fletching
24:41 Scale Mail Armor
28:13 Leather Archer Armor
30:11 Ballistics
31:54 Bodkin Arrow
35:58 Imperial Age
34:35 Chain Mail Armor
35:46 Forging
37:02 Iron Casting
36:31 Squires
38:19 Plate Mail Armor
37:50 Elite Teutonic Knight
38:47 Capped Ram
41:07 Ironclad
41:07 Conscription
Connection lost

Rejoining the realm…

Still unreachable

The connection could not be restored.

Session expired

The server has moved on; the page needs a fresh start.